 Dungeon Crawl Stone Soup version 0.29.1-4-g47bece8355 (webtiles) character file.

Game seed: 9017780777640935698

81412 zeram the Peltast (level 15, -4/201 HPs)
             Began as a Hill Orc Fighter on Dec 5, 2022.
             Was the Champion of Qazlal.
             Killed from afar by a will-o-the-wisp (18 damage)
             ... with a foxfire
             ... on level 2 of the Swamp.
             The game lasted 00:51:31 (29517 turns).

zeram the Peltast (Hill Orc Fighter)               Turns: 29517, Time: 00:51:32

Health: -4/201     AC: 31    Str: 27    XL:     15   Next: 70%
Magic:  0/15       EV: 12    Int:  3    God:    Qazlal [******]
Gold:   1155       SH:  0    Dex: 14    Spells: 14/14 levels left

rFire   . . .      SeeInvis .   w - +7 mace of Nirphil {pain, Dex+4}
rCold   . . .      Faith    .   p - +1 tower shield
rNeg    . . .      Spirit   +   y - +3 plate armour
rPois   +          Reflect  .   j - +1 helmet
rElec   .          Harm     .   (no cloak)
rCorr   .          Rampage  .   x - +0 pair of gloves
Will    +++..                   A - +0 pair of boots
Stlth   ..........              s - amulet of guardian spirit
HPRegen 0.43/turn               u - ring "Boadovol" {Fly rPois Will++ AC+4 Int-5}
MPRegen 0.14/turn               L - +4 ring of evasion

@: confused, mighty, berserking, ambrosia-drunk, protected from physical damage,
flying, hasted, repel missiles, very quick
A: no striking features
a: Renounce Religion, Upheaval, Elemental Force, Disaster Area


You were on level 2 of the Swamp.
You worshipped Qazlal.
Qazlal was exalted by your worship.
You visited 6 branches of the dungeon, and saw 22 of its levels.

You collected 2066 gold pieces.
You spent 911 gold pieces at shops.

Inventory:

Hand Weapons
 a - a +1 war axe of venom
 w - the +7 mace of Nirphil (weapon) {pain, Dex+4}
   (You bought it in a shop on level 8 of the Dungeon)

   In the hands of one skilled in necromantic magic, it inflicts extra damage on
   living creatures.
   Dex:       It affects your dexterity (+4).
Missiles
 O - a throwing net (quivered)
Armour
 b - a +0 scale mail
 c - a +1 buckler
 j - a +1 helmet (worn)
 p - a +1 tower shield (worn)
 q - a +0 plate armour
 x - a +0 pair of gloves (worn)
 y - a +3 plate armour (worn)
 A - a +0 pair of boots (worn)
Jewellery
 h - a +6 ring of dexterity
 s - an amulet of guardian spirit (around neck)
 u - the ring "Boadovol" (left hand) {Fly rPois Will++ AC+4 Int-5}
   (You bought it in a shop on level 4 of the Dungeon)

   [ring of protection]

   AC:        It affects your AC (+4).
   Int:       It affects your intelligence (-5).
   rPois:     It protects you from poison.
   Fly:       It grants you flight.
   Will:      It greatly increases your willpower.
 v - a +6 ring of intelligence
 B - a +4 ring of protection
 C - a ring of protection from fire
 D - a ring of see invisible
 F - a +6 ring of strength
 I - a ring of protection from cold
 L - a +4 ring of evasion (right hand)
Wands
 G - a wand of iceblast (3)
 H - a wand of paralysis (1)
Scrolls
 E - 2 scrolls of butterflies
 J - 4 scrolls of identify
 M - a scroll of magic mapping
 P - a scroll of summoning
Potions
 e - 3 potions of brilliance
 f - 2 potions of haste
 g - 3 potions of magic
 i - 3 potions of lignification
 l - 3 potions of mutation
 n - 5 potions of degeneration
 r - 2 potions of flight
 t - 2 potions of resistance
 z - 4 potions of attraction


   Skills:
 + Level 12.7 Fighting
 + Level 16.7(18.0) Axes
 + Level 9.6(13.1) Maces & Flails
 + Level 13.5 Armour
 + Level 3.2 Dodging
 + Level 17.7 Shields
 + Level 2.0 Evocations


You had 14 spell levels left.
You didn't know any spells.
Your spell library contained the following spells:

 Spells                   Type           Power      Damage    Failure   Level
 Sandblast                Erth           0%         2d4       100%        1
 Ensorcelled Hibernation  Hex/Ice        0%         N/A       100%        2
 Passwall                 Tmut/Erth      0%         N/A       100%        2
 Stone Arrow              Conj/Erth      0%         3d7       100%        3
 Swiftness                Air            0%         N/A       100%        3
 Anguish                  Hex/Necr       0%         N/A       100%        4
 Fireball                 Conj/Fire      0%         3d3       100%        5
 Iskenderun's Battlesphe  Conj           0%         2d6       100%        5
 Conjure Ball Lightning   Conj/Air       0%         3x3d6     100%        6
 Enfeeble                 Hex            0%         N/A       100%        7
 Orb of Destruction       Conj           0%         9d5       100%        7


Dungeon Overview and Level Annotations

Branches:
Dungeon (11/15)            Temple (1/1) D:5            Lair (5/5) D:8
  Swamp (2/4) Lair:2        Snake (0/4) Lair:3        Slime (0/5) Lair:5
    Orc (2/2) D:10            Elf (1/3) Orc:2

Altars:
Ashenzari
Cheibriados
Dithmenos
Elyvilon
Fedhas
Gozag
Hepliaklqana
Kikubaaqudgha
Makhleb
Nemelex Xobeh
Okawaru
Qazlal
Ru
Sif Muna
Trog
Uskayaw
Vehumet
Wu Jian
Xom
Yredelemnul
Zin
The Shining One

Shops:
D:4 *   D:8 ((   Orc:2 [*:(


Message History

The bunyip howls a warning cry!
You block the spriggan rider's attack.
You feel better. You block the bunyip's attack. x3
The spriggan rider is engulfed in freezing vapours.
The spriggan rider barely misses you.
Unknown command.
You feel better.
The will-o-the-wisp blinks!
The spriggan rider is engulfed in freezing vapours.
You block the spriggan rider's attack.
Okay, then.
You feel very mighty all of a sudden.
The will-o-the-wisp is engulfed in freezing vapours.
You block the will-o-the-wisp's attack.
The spriggan rider is engulfed in freezing vapours.
The spriggan rider barely misses you.
You feel yourself speed up. You block the bunyip's attack.
The bunyip claws you.
* * * LOW HITPOINT WARNING * * *
Your resistance to fire fades away.
You feel protected from physical attacks.
You block the bunyip's attack.
The will-o-the-wisp is engulfed in freezing vapours.
The will-o-the-wisp gestures.
The will-o-the-wisp conjures some foxfire!
The spriggan rider is engulfed in freezing vapours.
You kill the hornet!
Qazlal accepts your kill.
The spriggan falls from its now dead mount.
The spriggan splashes around in the water. 2 foxfires come into view.
You are confused.
You feel invigorated.
The will-o-the-wisp is engulfed in freezing vapours.
The will-o-the-wisp blinks!
The foxfire hits you!!
* * * LOW HITPOINT WARNING * * *
A red film seems to cover your vision as you go berserk!
You feel yourself moving faster!
You feel mighty!
The foxfire is engulfed in freezing vapours.
The foxfire hits you!!
You die...

.~ .~v...
.. ♣i~~~
...
~.~~♣♣~..
♣♣..~~$~.~
♣~...~~..~
♣♣.§°§.~.~~
♣.§ivt...~.
♣.x@♣
♣♣.♣.○~.v..
♣♣♣♣.♣♣♣♣~
♣♣


You could see a bunyip, an alligator (swift), a spriggan rider, 2
will-o-the-wisps and a spriggan.

Vanquished Creatures
  A tentacled monstrosity (Swamp:2)
  An orc warlord (Orc:1)
  2 bunyips
  A spark wasp (Swamp:1)
  A fire dragon (Lair:5)
  Josephine (Lair:3)
  5 catoblepae
  6 hydras
  2 ghost crabs
  3 alligators
  3 death yaks (Lair:5)
  2 two-headed ogres
  6 orc high priests
  5 goliath frogs (Swamp:1)
  A spriggan druid (Swamp:1)
  2 lindwurms (Lair:5)
  A swamp dragon (Lair:5)
  The ghost of javelincjr the Thaumaturge, a novice DECj (D:7)
  A deep elf zephyrmancer (Orc:2)
  An orc knight (Orc:1)
  Pikel (D:8)
  3 orc sorcerers
  A cyclops (D:11)
  2 will-o-the-wisps (Swamp:1)
  21 elephants
  2 manticores (Lair:5)
  2 black mambas (Lair:5)
  3 torpor snails (Lair:5)
  17 cane toads
  Psyche (D:8)
  6 rime drakes (Lair:5)
  7 komodo dragons
  A polar bear (Lair:5)
  6 trolls
  2 hornets (Swamp:2)
  18 blink frogs
  6 tyrant leeches
  7 dream sheep
  5 wraiths
  4 wyverns
  A shadow (D:5)
  A spriggan (Swamp:2)
  50 yaks
  A vampire (D:9)
  13 vampire mosquitoes
  3 steam dragons
  9 basilisks
  Grum (D:8)
  Menkaure (D:7)
  2 wargs
  4 nagas (Lair:3)
  4 swamp worms (Swamp:1)
  2 acid dragons
  19 water moccasins
  31 orc warriors
  A swamp drake (Swamp:2)
  2 black bears
  A sky beast (D:7)
  14 ogres
  17 wolves
  2 centaurs
  2 lemures (D:8)
  A phantom (D:7)
  5 kobold brigands
  15 bullfrogs
  2 gnoll sergeants (D:10)
  4 scorpions
  3 wights
  8 killer bees
  9 electric eels
  5 howler monkeys
  7 crimson imps
  7 hounds
  3 jellies
  10 orc priests
  2 gnoll boudas
  Natasha (twice) (D:4)
  Terence (D:3)
  9 iguanas
  32 orc wizards
  11 gnolls
  4 adders
  3 white imps (D:9)
  2 worms
  4 dart slugs
  79 orcs
  4 bats
  11 endoplasms
  A giant cockroach (D:3)
  5 goblins
  2 hobgoblins
  8 kobolds
  A quokka (D:1)
  7 ball pythons
  4 frilled lizards
  3 rats
616 creatures vanquished.

Vanquished Creatures (others)
  A goliath frog (Swamp:1)
  A bloated husk (Swamp:2)
  A tyrant leech (Swamp:2)
  2 swamp worms
  2 orc wizards (D:6)
  47 foxfires
  22 fungi
  47 plants
  2 withered plants (D:7)
125 creatures vanquished.

Grand Total: 741 creatures vanquished

Notes
Turn   | Place    | Note
-------+----------+-------------------------------------------
     0 | D:1      | zeram the Hill Orc Fighter began the quest for the Orb.
     0 | D:1      | Reached XP level 1. HP: 19/19 MP: 1/1
   289 | D:1      | Reached XP level 2. HP: 23/27 MP: 2/2
   510 | D:1      | Reached XP level 3. HP: 33/33 MP: 3/3
  1176 | D:1      | Found a faded altar of an unknown god.
  1611 | D:2      | Found an iron altar of Okawaru.
  1981 | D:3      | Reached XP level 4. HP: 40/40 MP: 4/4
  2111 | D:3      | Noticed Terence
  2123 | D:3      | Killed Terence
  2124 | D:3      | Reached XP level 5. HP: 40/47 MP: 5/5
  2237 | D:3      | Found a white marble altar of Elyvilon.
  2669 | D:4      | Reached skill level 1 in Dodging
  2710 | D:4      | Reached skill level 5 in Axes
  2860 | D:4      | Noticed Natasha
  2865 | D:4      | Killed Natasha
  2962 | D:4      | You fall into a shaft and drop 3 floors!
  2976 | D:6      | Reached XP level 6. HP: 53/53 MP: 6/6
  3128 | D:6      | Reached skill level 5 in Fighting
  3128 | D:6      | Reached skill level 5 in Armour
  3128 | D:6      | Reached skill level 4 in Shields
  3128 | D:6      | Reached XP level 7. HP: 12/61 MP: 7/7
  4190 | D:6      | Found a burning altar of Makhleb.
  4316 | D:5      | Entered Level 5 of the Dungeon
  4470 | D:5      | Found a staircase to the Ecumenical Temple.
  4474 | D:5      | Reached XP level 8. HP: 58/69 MP: 8/8
  4482 | Temple   | Entered the Ecumenical Temple
  4482 | Temple   | Found a transporter.
  4482 | Temple   | Found a transporter.
  4564 | Temple   | Found a transporter.
  4564 | Temple   | Found a transporter.
  4604 | Temple   | Became a worshipper of Qazlal Stormbringer
  4983 | D:5      | Noticed a shadow
  4997 | D:5      | HP: 2/70 [something (21)]
  4999 | D:5      | Killed a shadow
  5000 | D:5      | Reached skill level 5 in Shields
  5417 | D:5      | Found an iron altar of Okawaru.
  6124 | D:4      | Noticed Natasha
  6134 | D:4      | Killed Natasha
  6134 | D:4      | Reached * piety under Qazlal
  6135 | D:4      | Reached XP level 9. HP: 67/75 MP: 9/9
  6332 | D:4      | Found Foptog's General Store.
  6340 | D:4      | Bought a potion of heal wounds for 60 gold pieces
  6340 | D:4      | Bought a scroll of enchant armour for 90 gold pieces
  6825 | D:7      | Found a runed translucent door.
  6825 | D:7      | Noticed javelincjr's ghost (novice DECj)
  6854 | D:7      | Noticed Menkaure
  6862 | D:7      | Killed Menkaure
  6863 | D:7      | Reached skill level 10 in Axes
  6870 | D:7      | Reached skill level 6 in Shields
  7217 | D:7      | Killed javelincjr's ghost
  7249 | D:7      | Reached skill level 7 in Shields
  7413 | D:7      | Found a snail-covered altar of Cheibriados.
  7882 | D:8      | Reached XP level 10. HP: 78/86 MP: 10/10
  8230 | D:8      | Noticed a two-headed ogre
  8230 | D:8      | Noticed Psyche
  8245 | D:7      | Killed a two-headed ogre
  8517 | D:8      | Killed Psyche
  8518 | D:8      | Reached skill level 8 in Shields
  8552 | D:8      | Found Meujum's Antique Weapon Emporium.
  8566 | D:8      | Reached ** piety under Qazlal
  8574 | D:8      | Bought an ivory mace for 128 gold pieces
  8574 | D:8      | Identified the +7 mace of Nirphil {pain, Dex+4} (You bought
                  | it in a shop on level 8 of the Dungeon)
  8896 | D:8      | Found a staircase to the Lair.
  9378 | D:8      | Noticed Grum
  9385 | D:8      | Killed Grum
  9717 | D:8      | Noticed Pikel
  9831 | D:8      | Killed Pikel
 10125 | D:8      | Found Dunaruhu's Antique Weapon Emporium.
 10743 | D:9      | Reached skill level 9 in Shields
 10868 | D:9      | Reached XP level 11. HP: 94/94 MP: 11/11
 10950 | D:9      | Found a sparkling altar of Nemelex Xobeh.
 11341 | D:9      | Reached *** piety under Qazlal
 11898 | D:10     | Entered Level 10 of the Dungeon
 12784 | D:10     | Found a staircase to the Orcish Mines.
 12840 | D:10     | Reached skill level 10 in Shields
 13128 | D:10     | Reached **** piety under Qazlal
 13399 | D:11     | Noticed a cyclops
 13401 | D:11     | Identified the ring of Happiness {rPois rF+}
 13401 | D:11     | Noticed a tengu warrior
 13401 | D:11     | Noticed a rakshasa
 13405 | D:11     | Killed a cyclops
 13406 | D:11     | Noticed a stone giant
 13606 | Orc:1    | Entered Level 1 of the Orcish Mines
 14185 | Orc:1    | Reached skill level 15 in Axes
 14261 | Orc:2    | Entered Level 2 of the Orcish Mines
 14276 | Orc:2    | Noticed an orc high priest
 14278 | Orc:2    | Noticed an orc sorcerer
 14279 | Orc:2    | Noticed an orc high priest
 14281 | Orc:2    | Noticed a sun demon
 14397 | Orc:1    | Killed an orc sorcerer
 14398 | Orc:1    | Reached skill level 10 in Armour
 14400 | Orc:1    | Reached XP level 12. HP: 48/105 MP: 12/12
 14625 | Orc:1    | Killed an orc high priest
 14626 | Orc:1    | Reached skill level 11 in Shields
 14821 | Orc:2    | Killed an orc high priest
 14831 | Orc:2    | Noticed an orc high priest
 15295 | D:4      | Bought the ring "Boadovol" {Fly rPois Will++ AC+4 Int-5}
                  | for 633 gold pieces
 15478 | Orc:1    | Killed an orc high priest
 15640 | Orc:2    | Found Ewiybosch's Antique Weapon Emporium.
 15663 | Orc:2    | Noticed a two-headed ogre
 15666 | Orc:2    | Noticed an orc high priest
 15669 | Orc:2    | Killed a two-headed ogre
 15670 | Orc:2    | Reached skill level 10 in Fighting
 15672 | Orc:2    | Noticed a soul eater
 15676 | Orc:2    | Noticed a sun demon
 15984 | Orc:2    | Noticed a soul eater
 15991 | Orc:1    | Killed an orc high priest
 16207 | Orc:2    | Reached skill level 1 in Evocations
 16267 | Orc:2    | Noticed an orc warlord
 16268 | Orc:2    | Noticed an orc high priest
 16271 | Orc:2    | Noticed an orc high priest
 16312 | Orc:2    | Found Efalown's Book Emporium.
 16340 | Orc:1    | Reached ***** piety under Qazlal
 16469 | Orc:2    | Noticed a sun demon
 16469 | Orc:2    | Noticed a sun demon
 16471 | Orc:2    | Killed an orc high priest
 16520 | Orc:2    | Killed an orc high priest
 16899 | Orc:2    | Reached skill level 12 in Shields
 16925 | Orc:1    | Killed an orc warlord
 17425 | Orc:2    | Found Ykagrusch's General Store.
 17513 | Orc:2    | Found Zagoruid's Antique Armour Shop.
 17591 | Orc:2    | Found a staircase to the Elven Halls.
 17737 | Elf:1    | Entered Level 1 of the Elven Halls
 17737 | Elf:1    | Noticed a deep elf knight
 17737 | Elf:1    | Noticed a deep elf knight
 18070 | Lair:1   | Entered Level 1 of the Lair of Beasts
 18139 | Lair:1   | Reached XP level 13. HP: 109/114 MP: 13/13
 18776 | Lair:1   | Reached skill level 13 in Shields
 19289 | Lair:2   | Found a staircase to the Swamp.
 20682 | Lair:3   | Reached skill level 1 in Maces & Flails
 20727 | Lair:3   | Reached skill level 14 in Shields
 20846 | Lair:3   | Found a staircase to the Snake Pit.
 21326 | Lair:3   | Noticed Josephine
 21341 | Lair:3   | Killed Josephine
 21969 | Lair:3   | Reached XP level 14. HP: 49/125 MP: 7/14
 22768 | Lair:4   | Reached skill level 15 in Shields
 22770 | Lair:4   | Reached skill level 5 in Maces & Flails
 23781 | Lair:5   | Entered Level 5 of the Lair of Beasts
 23897 | Lair:5   | Reached ****** piety under Qazlal
 24617 | Lair:5   | Reached skill level 16 in Shields
 25510 | Lair:5   | Reached XP level 15. HP: 45/133 MP: 7/15
 25862 | Lair:5   | Found a staircase to the Slime Pits.
 26334 | Lair:5   | Reached skill level 17 in Shields
 26919 | Swamp:1  | Entered Level 1 of the Swamp
 28061 | Swamp:1  | Identified the +4 quarterstaff of Certain Death {flame,
                  | Will+ Int+3 Stlth+}
 29053 | Swamp:2  | Noticed a tentacled monstrosity
 29296 | Swamp:2  | Killed a tentacled monstrosity
 29510 | Swamp:2  | HP: 6/134 [will-o-the-wisp/foxfire (10)]
 29517 | Swamp:2  | Killed from afar by a will-o-the-wisp

Illustrated notes

Levels and vault maps discovered:
D:1:      dpeg_arrival_erosion, layout_basic, basic_ecumenical_altar,
          hangedman_feature_mirror, minmay_tiny_reverse_x
D:2:      layout_basic, basic_altar
D:3:      layout_rooms, nicolae_elyvilon_peaceful_grove, minmay_box_of_dots,
          uniq_terence
D:4:      layout_layer_cave, serial_shops,
          nicolae_shop_temple_entry_statues_fountains, uniq_natasha
D:5:      layout_loops_ring, kennysheep_mini_moat,
          minmay_temple_entry_overgrown, abandoned_shop, minmay_between
D:6:      layout_loops_cross, makhleb_grotto_becter
D:7:      layout_rooms, kennysheep_little_box, gammafunk_ghost_grave,
          uniq_menkaure
D:8:      layout_loops_cross, erik_lair_island, serial_shops,
          nicolae_take_the_stairs, nicolae_shop_statue_plus, uniq_grum,
          uniq_psyche, uniq_pikel
D:9:      layout_loops_cross, mainiacjoe_overflow_boulevard,
          corexii_mini_fake_secret_closet, minmay_nine_imps
D:10:     layout_long_grid, kennysheep_orc_monster_closet_entryway
D:11:     nzn_winding_woodlands_small [nzn_winding_woodlands_5x15_lazy_stream,
          nzn_winding_woodlands_center_diamonds,
          nzn_winding_woodlands_5x15_river_crossing], layout_irregular_city,
          trog_butcher_becter, uniq_sonja
Temple:   hellmonk_temple_divided_pantheon
Lair:1:   layout_long_grid, lemuel_fruit_tree, grunt_megastairs_2,
          serial_bayou_shore_b
Lair:2:   layout_long_grid, minmay_swamp_entry_swarm, beast_lair_carwin_2
Lair:3:   layout_gridlike, minmay_snake_entry_guardpost_small,
          serial_bayou_lagoon_b, uniq_josephine, uniq_nessos
Lair:4:   layout_gridlike, minmay_hedge_maze, nicolae_quartered_pool_little,
          nicolae_lair_lil_pond
Lair:5:   guppyfry_lair_end_dragon, layout_cave_pods, hangedman_lair_in_review,
          slime_entry_1, infiniplex_staircase_pool_2
Swamp:1:  layout_basic_swamp, evilmike_swamp_ruin_rubble_2,
          nicolae_swamp_catching_bugs, infiniplex_staircase_pool
Swamp:2:  layout_falls_marsh, evilmike_swamp_ruin_house_2
Orc:1:    layout_caves
Orc:2:    grunt_orc_gardens, layout_diamond_mine, grunt_orc_garden,
          grunt_orc_garden, grunt_orc_garden, grunt_orc_garden, uniq_urug
Elf:1:    layout_loops_corners, minmay_elf_sorcery

Skill      XL: |  1  2  3  4  5  6  7  8  9 10 11 12 13 14 15 |
---------------+----------------------------------------------+-----
Fighting       | 4 5 6 7 8 9 10 11 12 | 12.7
Axes           | 3 4 5 6 8 9 11 13 15 16 | 16.7
Armour         | 4 5 6 7 9 10 11 12 13 | 13.5
Dodging        | 1 2 3 |  3.2
Shields        | 4 5 7 9 10 12 14 16 17 | 17.7
Evocations     | 1 2 |  2.0
Maces & Flails | 4 7 9 |  9.6

Action                   |  1- 3 |  4- 6 |  7- 9 | 10-12 | 13-15 || total
-------------------------+-------+-------+-------+-------+-------++-------
Melee: War axe           |   109 |   108 |   258 |   603 |   154 ||  1232
       Mace              |       |       |       |       |  1139 ||  1139
Evoke: Wand              |       |       |       |    10 |     7 ||    17
  Use: Scroll            |     5 |     2 |     5 |    10 |    16 ||    38
       Potion            |       |       |     3 |     8 |    12 ||    23
 Stab: Invisible         |       |       |       |     2 |       ||     2
       Petrified         |       |       |       |       |     9 ||     9
Armor: Scale mail        |    55 |    49 |    47 |       |       ||   151
       Plate armour      |       |       |    79 |   226 |   786 ||  1091
Dodge: Dodged            |    48 |    44 |    34 |    78 |   270 ||   474
       Repelled          |       |       |       |     2 |     4 ||     6
Block: Buckler           |    21 |    24 |    16 |       |       ||    61
       Tower shield      |       |       |   183 |   720 |  2031 ||  2934
